 Dungeon Crawl Stone Soup version 0.13.0-29-gdb529de (webtiles) character file.

465 Lilouch the Firebug (level 5, -2/28 HPs)
             Began as a Deep Elf Fire Elementalist on Nov 9, 2013.
             Killed from afar by an orc wizard (11 damage)
             ... with a puff of flame
             ... on Level 5 of the Dungeon.
             The game lasted 00:34:18 (4174 turns).

Lilouch the Firebug (Deep Elf Fire Elementalist)    Turns: 4174, Time: 00:34:19

HP  -2/28        AC  3     Str  5      XL: 5   Next: 66%
MP   8/16        EV 13     Int 21      God:
Gold 243         SH  0     Dex 15      Spells:  3 memorised,  5 levels left

Res.Fire  : . . .   See Invis. : .   j - +1,+0 elf falchion
Res.Cold  : . . .   Warding    : .   a - +0 elf robe
Life Prot.: . . .   Conserve   : .   (no shield)
Res.Poison: .       Res.Corr.  : .   (no helmet)
Res.Elec. : .       Clarity    : .   (no cloak)
Sust.Abil.: . .     Spirit.Shd : .   k - +0 pair of gauntlets
Res.Mut.  : .       Stasis     : .   (no boots)
Res.Rott. : .       Flight     : .   E - amulet of the gourmand
Gourmand  : +                        (no ring)
                                     (no ring)

@: slightly resistant to hostile enchantments, fairly stealthy
A: screaming 1
a: no special abilities


You were on level 5 of the Dungeon.
You were very full.

You visited 1 branch of the dungeon, and saw 5 of its levels.

You collected 223 gold pieces.

Inventory:

Hand weapons
 j - a +1,+0 elven falchion (weapon)
 p - a +0,+0 spear
 z - a +0,+0 dagger (quivered)
 C - a +0,+0 elven dagger
 D - a +0,+0 spear
 H - a +1,+1 dwarven dagger
Missiles
 e - 45 stones
 l - 36 sling bullets
Armour
 a - a +0 elven robe (worn)
 g - a +1 shield
 k - a +0 pair of gauntlets (worn)
Magical devices
 F - a wand of polymorph (3)
Comestibles
 c - 3 bread rations
 n - a pear
 v - a meat ration
 L - an apricot
 N - a chunk of giant cockroach flesh
Scrolls
 d - a scroll of magic mapping {unknown}
 h - 3 scrolls of identify {unknown}
 i - 5 scrolls of remove curse
 s - 2 scrolls of enchant weapon I {unknown}
 t - a scroll of blinking {unknown}
 w - a scroll of teleportation {unknown}
 x - 2 scrolls of curse armour {unknown}
 A - 2 scrolls of enchant weapon II {unknown}
Jewellery
 E - an amulet of the gourmand (around neck)
Potions
 f - a potion of degeneration {unknown}
 m - 4 potions of curing {unknown}
 o - 2 potions of magic {unknown}
 q - a potion of speed {unknown}
 r - 3 potions of slowing {unknown}
 B - a potion of heal wounds {unknown}
 G - a potion of mutation {unknown}
 I - a potion of beneficial mutation {unknown}
 J - a potion of might {unknown}
 K - a potion of resistance {unknown}
 M - a potion of paralysis {unknown}
Books
 b - a book of Flames

   Spells                             Type                      Level
   *Flame Tongue                      Conjuration/Fire             1
   *Throw Flame                       Conjuration/Fire             2
   *Conjure Flame                     Conjuration/Fire             3
   Inner Flame                        Hexes/Fire                   3
   Sticky Flame                       Conjuration/Fire             4
   Fireball                           Conjuration/Fire             5


   Skills:
 - Level 2.4 Dodging
 - Level 2.4 Stealth
   Level 0.0 Shields
 - Level 3.8 Spellcasting
 - Level 4.0 Conjurations
 + Level 4.9 Fire Magic


You had 5 spell levels left.
You knew the following spells:

 Your Spells              Type           Power        Failure   Level  Hunger
a - Flame Tongue          Conj/Fire      ###..        1%          1    None
b - Conjure Flame         Conj/Fire      ###.....     10%         3    ###....
c - Throw Flame           Conj/Fire      ###...       3%          2    #......


Dungeon Overview and Level Annotations

Branches:
Dungeon (5/27)
 Temple: D:4-7

Altars:
Elyvilon
Nemelex Xobeh
Jiyva

Shops:
D:5 =

Annotations:
D:4 LostMyPasswordAgain's ghost, average DDNe


Innate Abilities, Weirdness & Mutations

You occasionally shout uncontrollably.


Message History

The puff of flame hits the orc.
You kill the orc!
The orc wizard casts a spell at you. The magic dart hits you!
Casting: Throw Flame
Confirm with . or Enter, or press ? or * to list all spells.
Aiming: Flame Tongue
Press: ? - help, Shift-Dir - straight line, f/p - orc wizard
Aim: an orc wizard, wielding an orcish dagger and wearing an orcish robe The flame hits the orc wizard.
The orc wizard appears unharmed.
The orc wizard points at you and mumbles some strange words.
The magic dart hits you!
* * * LOW HITPOINT WARNING * * *
Found Mofur's Jewellery Shop.
There is a stone staircase leading up here.
s - 2 scrolls labeled UZORAGG CEDAT (gained 1)
There is a stone staircase leading up here.
The orc wizard points at you and mumbles some strange words.
The puff of flame hits you!
You die...

#. #.#
####.##o###
#.........#
#.........#
#>........#
#.........#
#.....<...#
#.........#
#####..@......#
...............#
..............#
#####..>......#
###########


You could see an orc wizard.

Vanquished Creatures
  A worker ant (D:4)
  Ijyb (D:3)
  3 adders
  4 gnolls (D:3)
  A giant mite (D:4)
  3 worms
  2 giant geckos
  2 oozes (D:1)
  8 orcs
  2 ball pythons
  A bat skeleton (D:4)
  8 goblins
  12 hobgoblins
  8 kobolds
  A quokka (D:2)
  4 bats
  5 giant cockroaches
  A giant gecko skeleton (D:4)
  3 giant newts
  A hobgoblin skeleton (D:4)
  14 rats
  A rat skeleton (D:4)
86 creatures vanquished.

Notes
Turn   | Place    | Note
--------------------------------------------------------------
     0 | D:1      | Lilouch, the Deep Elf Fire Elementalist, began the quest for the Orb.
     0 | D:1      | Reached XP level 1. HP: 10/10 MP: 4/4
     2 | D:1      | Noticed a shark
   323 | D:1      | Reached XP level 2. HP: 15/15 MP: 3/7
   927 | D:2      | Reached XP level 3. HP: 19/19 MP: 1/9
  1205 | D:2      | Learned a level 3 spell: Conjure Flame
  1208 | D:2      | Learned a level 2 spell: Throw Flame
  1630 | D:3      | Reached skill level 4 in Fire Magic
  1885 | D:3      | Reached XP level 4. HP: 24/24 MP: 3/12
  2386 | D:3      | Noticed Ijyb
  2436 | D:3      | Killed Ijyb
  2601 | D:3      | Reached XP level 5. HP: 25/28 MP: 16/16
  3035 | D:4      | Found a sparkling altar of Nemelex Xobeh.
  3057 | D:4      | Gained mutation: You occasionally shout uncontrollably. [helix card]
  3086 | D:4      | Lost strength.
  3237 | D:4      | Noticed LostMyPasswordAgain's ghost (average DDNe)
  4079 | D:4      | Found a white marble altar of Elyvilon.
  4126 | D:5      | Entered Level 5 of the Dungeon
  4163 | D:5      | Found Mofur's Jewellery Shop.
  4174 | D:5      | Killed from afar by an orc wizard

Action                   |  1- 3 |  4- 6 || total
-------------------------+-------+-------++-------
Melee: Unarmed           |    10 |     8 ||    18
       Falchion          |     2 |    19 ||    21
Throw: Dagger            |    32 |    23 ||    55
       Stone             |     7 |    49 ||    56
       Spear             |       |     3 ||     3
 Cast: Flame Tongue      |    83 |    79 ||   162
       Conjure Flame     |     3 |    14 ||    17
       Throw Flame       |     3 |     4 ||     7
Evoke: Deck              |       |    11 ||    11
  Use: Scroll            |       |     1 ||     1
 Stab: Confused          |       |     3 ||     3
